 Dungeon Crawl Stone Soup version 0.21.1-1-g345015fe64 (webtiles) character file.

35 Ivernyr the Charmwright (level 3, 0/28 HPs)
             Began as a Demonspawn Skald on Apr 25, 2018.
             Succumbed to an adder's poison
             ... on level 2 of the Dungeon.
             The game lasted 00:01:39 (930 turns).

Ivernyr the Charmwright (Demonspawn Skald)           Turns: 930, Time: 00:01:40

Health: 0/28       AC:  3    Str: 11    XL:     3   Next: 17%
Magic:  5/6        EV: 12    Int: 14    God:
Gold:   16         SH:  0    Dex: 13    Spells: 1/6 levels left

rFire    . . .     SeeInvis .   a - +0 falchion
rCold    . . .     Gourm    .   (no shield)
rNeg     . . .     Faith    .   b - +0 leather armour
rPois    .         Spirit   .   (helmet restricted)
rElec    .         Reflect  .   (no cloak)
rCorr    .         Harm     .   (no gloves)
MR       .....                  (no boots)
Stlth    ++........             (no amulet)
HPRegen  0.09/turn              (no ring)
MPRegen  0.10/turn              (no ring)

@: lethally poisoned (0 -> -3)
A: antennae 1, nightstalker 1
a: no special abilities


You were on level 2 of the Dungeon.
You were not hungry.

You visited 1 branch of the dungeon, and saw 2 of its levels.

You collected 16 gold pieces.

Inventory:

Hand Weapons
 a - a +0 falchion (weapon)
Armour
 b - a +0 leather armour (worn)
Scrolls
 e - 2 scrolls of blinking {unknown}
 g - a scroll of teleportation {unknown}
 h - 2 scrolls of identify {unknown}
Potions
 f - 2 potions of ambrosia {unknown}
Books
 c - a book of Battle

   Spells                             Type                      Level
   a - Infusion                       Charms                       1
   b - Shroud of Golubria             Charms/Translocation         2
   c - Song of Slaying                Charms                       2
   d - Spectral Weapon                Hexes/Charms                 3
   e - Regeneration                   Charms/Necromancy            3
Comestibles
 d - 3 rations


   Skills:
 + Level 2.4 Fighting
 + Level 2.1 Long Blades
 * Level 1.9 Armour
 - Level 1.7 Dodging
 - Level 2.0 Spellcasting
 + Level 3.0 Charms


You had one spell level left.
You knew the following spells:

 Your Spells              Type           Power        Failure   Level  Hunger
a - Shroud of Golubria    Chrm/Tloc      #.........   26%         2    ###....
b - Song of Slaying       Chrm           #.......     14%         2    ###....
c - Infusion              Chrm           #...         9%          1    ##.....


Dungeon Overview and Level Annotations

Branches:
Dungeon (1/15)

Altars:


Innate Abilities, Weirdness & Mutations

You have a pair of small antennae on your head.
You are slightly more attuned to the shadows.


Message History

The adder is almost dead.
The adder barely misses you.
You closely miss the adder.
The adder is almost dead.
* * * LOW HITPOINT WARNING * * *
You feel sick. The adder misses you.
You riposte.
You hit the adder.
You kill the adder!
Your Charms skill increases to level 3!
You have reached level 3!
Your experience leads to an increase in your attributes!
Increase (S)trength, (I)ntelligence, or (D)exterity?
You feel agile.
Your demonic ancestry asserts itself...
You slip into the darkness of the dungeon.
* * * LOW HITPOINT WARNING * * *
You feel sick.
* * * LOW HITPOINT WARNING * * *
You feel sick.
* * * LOW HITPOINT WARNING * * *
You feel sick.
You die...

##...####..#####....
. .. ..#..# #....
.##.## #.#..# ###.#
# ....# #.#..# #.#
.#.###..# #.#..# #.#
........###.#..# #.#
..............# #..
#.......##.# #.#
###@######.# #.. #.#
#.# ### #.# .. # #..
.. .. ### ..# #.## #


There were no monsters in sight!

Vanquished Creatures
  An adder (D:2)
  2 oozes
  A worm (D:2)
  A leopard gecko (D:2)
  A ball python (D:2)
  2 bats
  2 goblins (D:1)
  2 hobgoblins
  A kobold (D:2)
  A rat (D:1)
14 creatures vanquished.

Notes
Turn   | Place    | Note
-------+----------+-------------------------------------------
     0 | D:1      | Ivernyr the Demonspawn Skald began the quest for the Orb.
     0 | D:1      | Reached XP level 1. HP: 16/16 MP: 3/3
    45 | D:1      | Reached skill level 1 in Armour
   208 | D:1      | Gained mutation: You have a pair of small antennae on your head. [demonic ancestry]
   208 | D:1      | Reached XP level 2. HP: 22/22 MP: 5/5
   497 | D:1      | You fall through a shaft!
   506 | D:2      | Learned a level 2 spell: Song of Slaying
   509 | D:2      | Learned a level 2 spell: Shroud of Golubria
   918 | D:2      | Reached skill level 3 in Charms
   918 | D:2      | Gained mutation: You are slightly more attuned to the shadows. [demonic ancestry]
   918 | D:2      | Reached XP level 3. HP: 3/28 MP: 4/6
   926 | D:2      | HP: 1/28 [poisoned by an adder]
   930 | D:2      | Succumbed to an adder's poison

Skill      XL: |  1  2 |
---------------+-------+-----
Armour         | 1 |  1.9
Long Blades    | 2 |  2.1
Charms         | 3 |  3.0
Fighting       | |  2.4
Dodging        | |  1.7
Spellcasting   | |  2.0

Action                   || total
-------------------------++-------
Melee: Falchion          ||    59
 Cast: Shroud of Golubri ||     2
Armor: Leather armour    ||    14
Dodge: Dodged            ||    29
       Rpst.: Falchion   ||    12
